 Dungeon Sprint DCSS version 0.30-a0-168-g0b976cbdc4 (webtiles) character file.

Game seed: 11199629530627545878

900000 howech the Sorcerer (level 13, -27/80 HPs)
             Began as a Djinni Conjurer on Sept 29, 2022.
             Was a Follower of Makhleb.
             Annihilated by a meat berserker
             ... wielding a +9 battleaxe
              (87 damage)
             ... in the Dungeon (Sprint VIII: "Arena of Blood").
             The game lasted 00:01:35 (9 turns).

howech the Sorcerer (Djinni Conjurer)                  Turns: 9, Time: 00:01:35

Health: -27/80     AC:  2    Str:  6    XL:     13   Next: 64%
Gold:   0          EV: 15    Int: 23    God:    Makhleb [*.....] SH:  0 Dex: 14

rFire   + + .      SeeInvis .    g - +∞ Axe of Woe
rCold   x . .      Faith    .    (shield currently unavailable)
rNeg    . . .      Spirit   .    a - +0 robe
rPois   ∞          Reflect  .    (no helmet)
rElec   .          Harm     .    (no cloak)
rCorr   .          Rampage  .    (no gloves)
Will    +....      NoTele   +    (boots unavailable)
Stlth   +++.......               (no amulet)
HPRegen 0.23/turn                (no ring)
MPRegen 0.00/turn                (no ring)

@: flying
A: sickness immunity, fire resistance 2, cold vulnerability 1, float, innate
caster, HP casting, extra vitality 1
a: Renounce Religion


You were in the Dungeon.
You worshipped Makhleb.
Makhleb was aware of your devotion.
You visited 1 branch

Inventory:

Hand Weapons
 g - the +∞ Axe of Woe (weapon)
   (You found it in the Dungeon)
Armour
 a - a +0 robe (worn)
Scrolls
 f - a scroll of blinking
Potions
 b - a potion of curing
 c - a potion of heal wounds
 d - a potion of haste
 e - a potion of berserk rage


   Skills:
 + Level 2.3 Fighting
 * Level 13.2 Axes
 + Level 8.1 Dodging
 + Level 6.3 Stealth
 + Level 22.0 Spellcasting
 * Level 8.0 Invocations


You had 24 spell levels left.
You knew the following spells:

 Your Spells              Type           Power      Damage    Failure   Level
a - Magic Dart            Conj           100%       1d8       0%          1
b - Searing Ray           Conj           100%       2d8       0%          2
c - Dazzling Flash        Conj/Hex       100%       N/A       0%          3
d - Fulminant Prism       Conj/Hex       45%        3d21      0%          4
e - Iskenderun's Mystic   Conj/Tloc      90%        2d18      0%          4
f - Shock                 Conj/Air       100%       1d9       0%          1
g - Call Imp              Summ           90%        N/A       0%          2
h - Kindle Blastsparks    Fire/Tloc/Air  100%       2d18      0%          3
i - Vampiric Draining     Necr           90%        2d12      0%          3
j - Animate Dead          Necr           90%        N/A       0%          4
k - Alistair's Intoxicat  Tmut/Pois      60%        N/A       0%          5
Your spell library was empty.

Dungeon Overview and Level Annotations

Branches:
Dungeon (1/1)

Altars:
Makhleb


Innate Abilities, Weirdness & Mutations

You are immune to sickness and miasma.
You are immune to poison.
Your flesh is very heat resistant. (rF++)
You are vulnerable to cold. (rC-)
You float through the air rather than walking.
You learn spells naturally, not from books.
Your magical power is your life essence.
You have superior vitality. (+4 MHP)


Message History

Spell assigned to 'k'.
A meat berserker comes into view. It is wielding a +9 battleaxe.
The bag of meat shouts!
You hear a shout! x14
Unknown command.
You slice the bag of meat!! You chop the bag of meat into pieces.
You kill the bag of meat!
Makhleb accepts your kill.
You can now gain health from killing.
You hear two shouts!
You hear a shout! x9
A bag of meat comes into view. It is wielding a +9 war axe.
The cloud of blastsparks explodes!
The concussive blast engulfs the bag of meat.
The bag of meat is lightly wounded.
The concussive blast engulfs the bag of meat!!
The bag of meat is lightly wounded.
The concussive blast engulfs you. You resist.
The bag of meat is knocked back by the blast.
You are knocked back by the blast.
A meat berserker comes into view. It is wielding a +9 battleaxe.
The bag of meat hits you with a +9 war axe!!!
A bag of meat comes into view. It is wielding a +9 war axe.
You hear a shout! x3
Your Fighting skill increases to level 2!
Your Axes skill increases to level 13!
Your Dodging skill increases to level 8!
Your Spellcasting skill gained 2 levels and is now at level 22!
Your Invocations skill gained 3 levels and is now at level 8!
Unknown command.
Unknown command.
Unknown command.
Unknown command.
You slash the bag of meat!
You dissect the bag of meat like a pig carcass.
You kill the bag of meat!
Makhleb accepts your kill.
You feel better.
You hear a shout! x4
A bag of meat comes into view. It is wielding a +9 war axe. x2
The meat berserker hits you with a +9 battleaxe!!!!
Ouch! That really hurt!
You die...

#.. ..# #.. ...#
.###.. ...###. o
......###........
....._..... ...
#.....# .... .
#_.<._# .....
....#..)).#......
......)oo@O......
......###........
.###.. ...###...
#.. O...# . #.
.....# .........
.....o.o...
....o.....


You could see 2 meat berserkers and 6 bags of meat.

Vanquished Creatures
  An ogre (D)
  3 orcs (D)
4 creatures vanquished.

Notes
Turn   | Place    | Note
-------+----------+-------------------------------------------
     0 | D        | Found the +∞ Axe of Woe
     0 | D        | howech the Djinni Conjurer began the quest for the Orb.
     0 | D        | howech set off with the following spells memorised: Magic
                  | Dart, Searing Ray, Dazzling Flash, Fulminant Prism,
                  | Iskenderun's Mystic Blast.
     0 | D        | Reached XP level 1. HP: 15/15 MP: 0/0
     0 | D        | Noticed a meat berserker
     1 | D        | Noticed a bag of meat
     1 | D        | Noticed a bag of meat
     2 | D        | Noticed a bag of meat
     3 | D        | Noticed a bag of meat
     3 | D        | Killed a meat berserker
     4 | D        | Reached skill level 5 in Stealth
     4 | D        | Reached skill level 19 in Spellcasting
     4 | D        | Reached XP level 2. HP: 21/21 MP: 0/0
     4 | D        | Reached XP level 3. HP: 25/25 MP: 0/0
     4 | D        | Learned a level 1 spell: Shock
     4 | D        | Reached XP level 4. HP: 31/31 MP: 0/0
     4 | D        | Reached XP level 5. HP: 35/35 MP: 0/0
     4 | D        | Learned a level 2 spell: Call Imp
     4 | D        | Reached XP level 6. HP: 40/40 MP: 0/0
     4 | D        | Reached XP level 7. HP: 45/45 MP: 0/0
     4 | D        | Learned a level 3 spell: Kindle Blastsparks
     4 | D        | Reached XP level 8. HP: 50/50 MP: 0/0
     4 | D        | Reached XP level 9. HP: 55/55 MP: 0/0
     4 | D        | Learned a level 3 spell: Vampiric Draining
     4 | D        | Reached XP level 10. HP: 60/60 MP: 0/0
     4 | D        | Reached XP level 11. HP: 65/65 MP: 0/0
     4 | D        | Learned a level 4 spell: Animate Dead
     4 | D        | Reached XP level 12. HP: 70/70 MP: 0/0
     4 | D        | Became a worshipper of Makhleb the Destroyer
     4 | D        | Noticed a bag of meat
     6 | D        | Killed a bag of meat
     7 | D        | Reached skill level 1 in Fighting
     7 | D        | Reached skill level 20 in Spellcasting
     7 | D        | Reached skill level 5 in Invocations
     7 | D        | Reached XP level 13. HP: 74/77 MP: 0/0
     7 | D        | Learned a level 5 spell: Alistair's Intoxication
     7 | D        | Noticed a meat berserker
     8 | D        | Killed a bag of meat
     8 | D        | Reached * piety under Makhleb
     8 | D        | Noticed a bag of meat
     8 | D        | Noticed a meat berserker
     8 | D        | Noticed a bag of meat
     9 | D        | Reached skill level 22 in Spellcasting
     9 | D        | Killed a bag of meat
     9 | D        | Noticed a bag of meat
     9 | D        | Noticed a bag of meat
     9 | D        | Annihilated by a meat berserker

Illustrated notes

Levels and vault maps discovered:
D:        meatsprint

Skill      XL: |  1  2  3  4  5  6  7  8  9 10 11 12 13 |
---------------+----------------------------------------+-----
Axes           | 11 12 13 | 13.2
Dodging        | 7 8 |  8.1
Stealth        | 5 6 |  6.3
Spellcasting   | 19 20 22 | 22.0
Fighting       | 1 2 |  2.3
Invocations    | 5 8 |  8.0

Action                   |  1- 3 |  4- 6 |  7- 9 | 10-12 | 13-15 || total
-------------------------+-------+-------+-------+-------+-------++-------
Melee: Executioner's axe |     1 |       |       |     1 |     2 ||     4
 Cast: Kindle Blastspark |       |       |       |     1 |       ||     1

Table legend: (Time is in decaauts)
 A = Elapsed time spent in this place.
 B = Non-inter-level travel time spent in this place.
 C = Inter-level travel time spent in this place.
 D = Time resting spent in this place.
 E = Time spent auto-exploring this place.
 F = Levels seen in this place.
 G = Mean time per level.
                   A        B        C        D        E       F      G
               +--------+--------+--------+--------+--------+-----+--------+
         Total |     10 |     10 |      0 |      0 |      0 |   1 |   10.0 |
       Dungeon |     10 |     10 |      0 |      0 |      0 |   1 |   10.0 |
               +--------+--------+--------+--------+--------+-----+--------+

Top non-repeatable levels by time:
       D: 10 daAuts
